[Event "Titled Tuesday Blitz March 14 Late 2023"]
[White "Sreyas Payyappat"]
[Black "O`Gorman, Tom"]
[WhiteFideId "46674969"]
[BlackFideId "2508249"]
[WhiteElo "2083"]
[BlackElo "2271"]
[Result "0-1"]
[Round "07"]
[TimeControl "180+2"]
[Date "2023.03.14"]
[WhiteClock "0:00:57"]
[BlackClock "0:01:48"]

1. e4 c5 2. Nf3 d6 3. d4 cxd4 4. Nxd4 Nf6 5. Nc3 a6 6. h4 e5 7. Nb3 Be6 8. f4 exf4 9. Bxf4 Be7 10. Qd2 Nc6 11. O-O-O O-O 12. g3 Rc8 13. Bh3 Bxh3 14. Rxh3 Ne5 15. Rhh1 Qb6 16. Rhg1 Nf3 17. Be3 Qd8 18. Qe2 Nxg1 19. Rxg1 Rxc3 20. bxc3 Nxe4 21. Bd4 d5 22. Nd2 Re8 23. Nxe4 Ba3+ 24. Kd1 Rxe4 25. Qf3 Qe7 26. Rf1 f6 27. Qh5 Qe6 28. Kd2 Bd6 29. Qf3 Qg4 30. Qd3 Qxg3 31. Be3 Qg2+ 32. Rf2 Qg4 33. Qxd5+ Qe6 34. Qd3 Rxe3 35. Qxe3 Qxe3+ 36. Kxe3 Bc5+ 37. Kf3 Bxf2 38. Kxf2 Kf7 39. Ke3 Ke6 40. Kd4 g5 41. hxg5 fxg5 0-1


[Site "https://www.chess.com"]

[Event "Titled Tuesday Blitz March 14 Late 2023"]
[White "Ronka, Erik"]
[Black "Chor, Kevin"]
[WhiteFideId "505080"]
[BlackFideId "2090740"]
[WhiteElo "2264"]
[BlackElo "2610"]
[Result "0-1"]
[Round "07"]
[TimeControl "180+2"]
[Date "2023.03.14"]
[WhiteClock "0:02:25"]
[BlackClock "0:01:48"]

1. e4 c5 2. Nf3 Nc6 3. Bb5 d6 4. c3 Nf6 5. e5 dxe5 6. Bxc6+ bxc6 7. Nxe5 Qd5 8. Qe2 Qxg2 9. Rf1 Bh3 10. Na3 Qxf1+ 11. Qxf1 Bxf1 12. Kxf1 Rc8 13. d3 e6 14. Be3 Nd5 15. Bd2 f6 16. Nf3 Be7 17. Nc4 Kf7 18. a3 Rhd8 19. b4 Nb6 20. Nxb6 axb6 21. Ke2 e5 22. Ne1 Ra8 23. Nc2 Ra7 24. Rb1 Rad7 25. Ne1 c4 26. Kd1 cxd3 27. c4 e4 28. Be3 b5 29. c5 f5 30. f3 Bf6 31. fxe4 Re8 32. Ng2 Rxe4 33. Bf2 0-1


[Site "https://www.chess.com"]

[Event "Titled Tuesday Blitz March 14 Late 2023"]
[White "Garrido Dominguez, Jesus"]
[Black "Crevatin, Leo"]
[WhiteFideId "2254174"]
[BlackFideId "1726307"]
[WhiteElo "2385"]
[BlackElo "2190"]
[Result "1-0"]
[Round "07"]
[TimeControl "180+2"]
[Date "2023.03.14"]
[WhiteClock "0:00:24"]
[BlackClock "0:00:50"]

1. e4 c5 2. Nf3 d6 3. d4 cxd4 4. Nxd4 Nf6 5. Bd3 g6 6. O-O Bg7 7. Nc3 O-O 8. Nde2 Nc6 9. h3 Nb4 10. a3 Nxd3 11. cxd3 Bd7 12. Be3 a6 13. Rc1 Rc8 14. Qd2 Re8 15. Rfd1 Qa5 16. Bg5 Qb6 17. b4 Qa7 18. Rc2 a5 19. b5 a4 20. Rdc1 Qa5 21. b6 Qxb6 22. Bxf6 Bxf6 23. Nd5 Qb3 24. Nxf6+ exf6 25. Rc3 Rxc3 26. Rxc3 Qb1+ 27. Kh2 b5 28. Rc7 Be6 29. Nf4 Qb3 30. Rc3 Qb1 31. Rc7 b4 32. axb4 a3 33. Qc3 Qb2 34. Qc6 Rf8 35. Ra7 Bb3 36. Qxd6 a2 37. Qa6 Qxf2 38. Nd5 Bxd5 39. exd5 Qe1 40. Qxa2 Qe5+ 41. g3 Qc3 42. Ra8 Qxb4 43. Rxf8+ Kxf8 44. h4 h5 45. Qc4 Qd2+ 46. Kh1 1-0


[Site "https://www.chess.com"]

[Event "Titled Tuesday Blitz March 14 Late 2023"]
[White "Fiorito, Joaquin"]
[Black "Senft, Sean"]
[WhiteFideId "180173"]
[BlackFideId "2044960"]
[WhiteElo "2157"]
[BlackElo "1989"]
[Result "1-0"]
[Round "07"]
[TimeControl "180+2"]
[Date "2023.03.14"]
[WhiteClock "0:00:47"]
[BlackClock "0:00:39"]

1. d4 d5 2. Nc3 Nf6 3. Bf4 c6 4. e3 e6 5. Nf3 Bd6 6. Ne5 Qc7 7. Bd3 Nbd7 8. Nxd7 Bxd7 9. Bxd6 Qxd6 10. O-O c5 11. dxc5 Qxc5 12. Qd2 O-O 13. Rac1 Bc6 14. Ne2 e5 15. c4 d4 16. exd4 exd4 17. b4 Qd6 18. b5 Bd7 19. Nxd4 Rad8 20. Rfd1 Bg4 21. Be2 Ne4 22. Qe3 Bxe2 23. Qxe2 Rfe8 24. Nf3 Qc5 25. Rxd8 Rxd8 26. Qxe4 h6 27. h3 Qa3 28. Re1 Qxa2 29. Ne5 Rd2 30. Qf3 Qa5 31. Qxf7+ Kh8 32. Ng6+ Kh7 33. Re8 Rd1+ 34. Kh2 Qc7+ 35. Qxc7 1-0


[Site "https://www.chess.com"]

[Event "Titled Tuesday Blitz March 14 Late 2023"]
[White "Mendez Fortes, Eduardo Jesus"]
[Black "Szente Varga, Fruzsina"]
[WhiteFideId "3502376"]
[BlackFideId "712264"]
[WhiteElo "2307"]
[BlackElo "1994"]
[Result "0-1"]
[Round "07"]
[TimeControl "180+2"]
[Date "2023.03.14"]
[WhiteClock "0:00:01"]
[BlackClock "0:00:07"]

1. e4 e5 2. Nf3 Nc6 3. Bb5 a6 4. Ba4 Nf6 5. O-O Be7 6. Re1 b5 7. Bb3 O-O 8. c3 d5 9. exd5 Nxd5 10. Nxe5 Nxe5 11. Rxe5 c6 12. d4 Bd6 13. Re1 Qh4 14. g3 Qh3 15. Re4 Bd7 16. Nd2 Rae8 17. Bc2 g5 18. Rxe8 Rxe8 19. Ne4 Bg4 20. f3 f5 21. Nxg5 Bxf3 22. Nxf3 Bxg3 23. Qf1 Re1 24. Qxe1 Bxe1 25. Nxe1 f4 26. Be4 Nf6 27. Bg2 Qf5 28. Nf3 Ne4 29. Ne5 c5 30. b3 Nxc3 31. Bd2 cxd4 32. Nf3 Qc2 33. Re1 Ne4 34. Bxf4 Qf2+ 35. Kh1 Nf6 36. Bg3 Qxa2 37. Bh4 Kf7 38. Ne5+ Kg7 39. Rg1 Nh5 40. Bf3+ Kf8 41. Bxh5 Qxb3 42. Bf3 Qe3 43. Rf1 Qxe5 44. Bg3 Qc5 45. Be4+ Ke8 46. Re1 Kd8 47. Bh4+ Kc7 48. Bg3+ Kb6 49. Rf1 Qc4 50. Rf6+ Ka5 51. Be1+ b4 52. Rf5+ Ka4 53. Rf3 b3 0-1


[Site "https://www.chess.com"]

[Event "Titled Tuesday Blitz March 14 Late 2023"]
[White "Johannesson, Ingvar Thor"]
[Black "Hoffmann, Asa"]
[WhiteFideId "2301490"]
[BlackFideId "2001470"]
[WhiteElo "2360"]
[BlackElo "2117"]
[Result "1-0"]
[Round "07"]
[TimeControl "180+2"]
[Date "2023.03.14"]
[WhiteClock "0:00:26"]
[BlackClock "0:00:22"]

1. c4 Nf6 2. g3 c6 3. Bg2 d6 4. Nf3 e5 5. Nc3 Be7 6. d3 O-O 7. O-O Qc7 8. Rb1 Nbd7 9. b4 b6 10. a4 Bb7 11. b5 c5 12. Bg5 h6 13. Bxf6 Nxf6 14. Ne1 Bxg2 15. Nxg2 Qd7 16. Ne3 Rfe8 17. Ncd5 Nxd5 18. Nxd5 Bf8 19. e3 e4 20. dxe4 Rxe4 21. Qd3 Rae8 22. f3 R4e5 23. Kg2 Rh5 24. Nf4 Rhe5 25. Nd5 Rh5 26. g4 Rhe5 27. a5 Qd8 28. axb6 axb6 29. Ra1 Qh4 30. e4 h5 31. h3 g6 32. Qd2 Bg7 33. Ra7 hxg4 34. hxg4 Qd8 35. Qf4 Rf8 36. Qg3 Re6 37. Rh1 Qg5 38. Qh4 Qxh4 39. Rxh4 f5 40. gxf5 gxf5 41. exf5 Rxf5 42. Ne7+ Rxe7 43. Rxe7 Be5 44. Rhh7 Rf4 45. Rb7 Rxc4 46. Rhc7 Rf4 47. Rxb6 Rf8 48. Re7 Rc8 49. Rc6 Rb8 50. b6 c4 51. b7 Kf8 52. Rxe5 Rxb7 53. Rf5+ Ke7 54. Rxc4 1-0


[Site "https://www.chess.com"]

[Event "Titled Tuesday Blitz March 14 Late 2023"]
[White "Riff, Vincent"]
[Black "Liu, Casper"]
[WhiteFideId "617776"]
[BlackFideId "1454153"]
[WhiteElo "2369"]
[BlackElo "2221"]
[Result "0-1"]
[Round "07"]
[TimeControl "180+2"]
[Date "2023.03.14"]
[WhiteClock "0:00:18"]
[BlackClock "0:00:55"]

1. e4 c5 2. Nc3 a6 3. Nf3 e6 4. d4 cxd4 5. Nxd4 Bc5 6. Nb3 Ba7 7. Bd3 Nc6 8. O-O Nge7 9. Qe2 Ng6 10. Be3 O-O 11. Bxa7 Rxa7 12. f4 d5 13. f5 exf5 14. exf5 Re8 15. Qf2 Nge5 16. f6 Ng4 17. Qh4 Nxf6 18. Rxf6 gxf6 19. Qxh7+ Kf8 20. Qh6+ Ke7 21. Nc5 Qb6 22. Na4 Qb4 23. Re1+ Ne5 24. c3 Qg4 25. Nb6 Be6 26. Kh1 Rg8 27. Bf1 Rg5 28. Nxe6 fxe6 29. Nc8+ Kf7 30. Nxa7 Nf3 31. Re3 Rh5 32. Qxh5+ Qxh5 33. Rxf3 Qe5 34. Nc8 Qc7 35. Na7 Qb8 36. Nb5 axb5 37. Bxb5 Qa7 38. a4 e5 39. h3 e4 40. Rf2 Qxf2 41. Kh2 e3 0-1


[Site "https://www.chess.com"]

[Event "Titled Tuesday Blitz March 14 Late 2023"]
[White "Estrada Nieto, Julian"]
[Black "Leonte, Sebastian-Marian"]
[WhiteFideId "5101018"]
[BlackFideId "1268767"]
[WhiteElo "2176"]
[BlackElo "2351"]
[Result "1-0"]
[Round "07"]
[TimeControl "180+2"]
[Date "2023.03.14"]
[WhiteClock "0:00:08"]
[BlackClock "0:00:01"]

1. e4 e5 2. Nf3 Nc6 3. Bb5 a6 4. Ba4 Nf6 5. O-O b5 6. Bb3 Bb7 7. d3 Be7 8. Nc3 O-O 9. a4 Na5 10. Ba2 b4 11. Ne2 d5 12. exd5 b3 13. cxb3 Nxd5 14. Nxe5 Nb4 15. d4 c5 16. Bd2 Qd5 17. Nf3 cxd4 18. Nexd4 Nxa2 19. Bxa5 Qxa5 20. Rxa2 Bf6 21. Qe1 Qd5 22. Qb4 Rab8 23. Ne2 Rfe8 24. Ng3 Ba8 25. Qc4 Rxb3 26. Qxd5 Bxd5 27. Raa1 Bxf3 28. gxf3 Rxb2 29. Rad1 Reb8 30. Ne4 Be5 31. Rd5 f6 32. Rfd1 Ra2 33. Rd8+ Rxd8 34. Rxd8+ Kf7 35. Rd7+ Kg6 36. Nc5 a5 37. Kg2 Bc3 38. Ne6 Rxa4 39. Rxg7+ Kf5 40. Nf8 Be5 41. Nxh7 Ra1 42. Ra7 a4 43. Nf8 a3 44. Nd7 a2 45. Nxe5 fxe5 46. h4 Kf4 47. Ra4+ Kf5 48. h5 Kg5 49. Ra5 Kxh5 50. Rxe5+ Kg6 51. Ra5 Kf6 52. f4 Kg6 53. Kf3 Kf6 54. f5 Kf7 55. Kf4 Kf6 56. Ra6+ Kf7 57. f3 Kg7 58. f6+ Kf7 59. Kf5 Rf1 60. Ra7+ 1-0


[Site "https://www.chess.com"]

[Event "Titled Tuesday Blitz March 14 Late 2023"]
[White "Roebers, Eline"]
[Black "Kalajzic, Ivan"]
[WhiteFideId "1058401"]
[BlackFideId "14506378"]
[WhiteElo "2539"]
[BlackElo "2203"]
[Result "1-0"]
[Round "07"]
[TimeControl "180+2"]
[Date "2023.03.14"]
[WhiteClock "0:00:20"]
[BlackClock "0:00:04"]

1. e4 Nc6 2. Nf3 d6 3. d4 Bg4 4. c3 Nf6 5. Bd3 e5 6. Be3 g6 7. Nbd2 Bg7 8. O-O O-O 9. h3 Bd7 10. Re1 Re8 11. d5 Ne7 12. g4 c5 13. Nf1 b5 14. Ng3 Kh8 15. Nh2 Nfg8 16. Qf3 Rf8 17. Kh1 c4 18. Bc2 Qc8 19. Rg1 a5 20. h4 f5 21. gxf5 gxf5 22. Nh5 fxe4 23. Qg2 Rf7 24. Nxg7 Bh3 25. Qg5 h6 26. Qg3 Nf6 27. Bxh6 Nh5 28. Nxh5 Nf5 29. Qxh3 Nxh6 30. Qxc8+ Rxc8 31. Bxe4 Rxf2 32. Rg6 Nf5 33. Rag1 Rf8 34. Bxf5 R2xf5 35. Rh6# 1-0


[Site "https://www.chess.com"]

[Event "Titled Tuesday Blitz March 14 Late 2023"]
[White "Bove, Alessandro"]
[Black "Osmak, Yuliia"]
[WhiteFideId "814121"]
[BlackFideId "14101602"]
[WhiteElo "2387"]
[BlackElo "2271"]
[Result "0-1"]
[Round "07"]
[TimeControl "180+2"]
[Date "2023.03.14"]
[WhiteClock "0:00:33"]
[BlackClock "0:00:21"]

1. d4 d5 2. Nf3 Nf6 3. Bf4 c5 4. e3 Nc6 5. c3 Qb6 6. Qb3 c4 7. Qc2 Bf5 8. Qc1 g6 9. Nbd2 Bg7 10. Nh4 Bd7 11. b4 a5 12. a3 O-O 13. Be2 Nh5 14. Bxh5 gxh5 15. O-O e5 16. dxe5 Nxe5 17. Bxe5 Bxe5 18. Nhf3 Bg7 19. Nd4 h4 20. h3 Kh8 21. Qd1 Qg6 22. Kh1 Rg8 23. Qf3 Ra6 24. Qxd5 Rd6 25. Qe4 f5 26. Qf3 Bxd4 27. cxd4 Bc6 28. e4 Rxd4 29. Rad1 Rd3 30. exf5 Qf6 31. Ne4 Rxf3 32. Nxf6 Rxh3+ 33. Kg1 Rxg2# 0-1


[Site "https://www.chess.com"]

[Event "Titled Tuesday Blitz March 14 Late 2023"]
[White "Wang, Alexander J"]
[Black "Kozin, Yuri"]
[WhiteFideId "30955270"]
[BlackFideId "4129920"]
[WhiteElo "2243"]
[BlackElo "2524"]
[Result "1-0"]
[Round "07"]
[TimeControl "180+2"]
[Date "2023.03.14"]
[WhiteClock "0:00:22"]
[BlackClock "0:00:01"]

1. e4 c5 2. Nf3 e6 3. d4 cxd4 4. Nxd4 Nf6 5. Nc3 d6 6. g3 Be7 7. Bg2 O-O 8. O-O a6 9. a4 Qc7 10. h3 Bd7 11. Be3 Nc6 12. f4 Nxd4 13. Bxd4 Bc6 14. g4 b5 15. axb5 axb5 16. g5 Rxa1 17. Qxa1 Nd7 18. Qa7 Qxa7 19. Bxa7 Ra8 20. Be3 b4 21. Ne2 Bb5 22. Re1 Ra2 23. Nd4 Ba6 24. b3 Bb7 25. f5 e5 26. Nb5 Rxc2 27. Rd1 Rc6 28. Ra1 Ba6 29. Nc7 Rxc7 30. Rxa6 Rc3 31. Ra8+ Nf8 32. Kf2 Rc2+ 33. Kf3 Rc3 34. h4 h6 35. Re8 hxg5 36. Rxe7 g4+ 37. Ke2 Rxb3 38. Rb7 Rb2+ 39. Bd2 b3 40. Kd3 Nh7 41. Rb8+ Nf8 42. Kc3 Rb1 43. Rxb3 Rg1 44. Rb8 Rxg2 45. Kd3 g3 46. Ke3 Rg1 47. Bb4 Rb1 48. Bxd6 Rxb8 49. Bxb8 Nd7 50. Bd6 Kh7 51. Kf3 Nf6 52. Bxe5 1-0


[Site "https://www.chess.com"]

[Event "Titled Tuesday Blitz March 14 Late 2023"]
[White "Campelo, Leandro Fabricio"]
[Black "Urbina Perez, Juan Antonio"]
[WhiteFideId "2103346"]
[BlackFideId "2217368"]
[WhiteElo "2070"]
[BlackElo "2197"]
[Result "0-1"]
[Round "07"]
[TimeControl "180+2"]
[Date "2023.03.14"]
[WhiteClock "0:01:34"]
[BlackClock "0:01:25"]

1. e4 c5 2. Nf3 d6 3. d4 cxd4 4. Nxd4 Nf6 5. Nc3 a6 6. Rg1 h5 7. h3 e5 8. Nb3 Be6 9. g4 hxg4 10. hxg4 d5 11. exd5 Nxd5 12. Nxd5 Qxd5 13. Qxd5 Bxd5 14. Be3 Nc6 15. Be2 O-O-O 16. O-O-O Be7 17. Bb6 Rd7 18. Nc5 Bxc5 19. Bxc5 Be6 20. Rxd7 Bxd7 21. Bc4 f6 22. c3 g5 23. b4 Rh4 24. f3 e4 25. fxe4 Rxg4 26. Rxg4 Bxg4 27. a4 Ne5 28. Bd5 Nd3+ 29. Kd2 Nxc5 30. bxc5 Bd7 31. Ke3 Bxa4 32. e5 fxe5 33. Ke4 Bc6 34. c4 a5 35. Kxe5 Bxd5 36. cxd5 Kd7 0-1


[Site "https://www.chess.com"]

[Event "Titled Tuesday Blitz March 14 Late 2023"]
[White "Fus, Jakub"]
[Black "Lorenzo De La Riva, Lazaro"]
[WhiteFideId "1193023"]
[BlackFideId "2268809"]
[WhiteElo "2335"]
[BlackElo "2294"]
[Result "1-0"]
[Round "07"]
[TimeControl "180+2"]
[Date "2023.03.14"]
[WhiteClock "0:01:23"]
[BlackClock "0:00:07"]

1. e4 c5 2. Nf3 Nc6 3. Bb5 e5 4. O-O Bd6 5. Nc3 a6 6. Bc4 b5 7. Bd5 Nf6 8. d3 h6 9. a3 Rb8 10. Ba2 Ne7 11. Ne2 Bc7 12. Ng3 d6 13. c3 O-O 14. Nh4 Re8 15. h3 Be6 16. Qf3 Bxa2 17. Rxa2 Nh7 18. Nhf5 Nxf5 19. Nxf5 Qf6 20. Qg4 Kh8 21. Ne3 Qe6 22. Ra1 Qxg4 23. hxg4 Nf6 24. a4 b4 25. f3 bxc3 26. bxc3 Rb3 27. Bd2 Reb8 28. Kf2 Kg8 29. Ke2 Ba5 30. Rfc1 R8b7 31. Rc2 Bc7 32. Nd1 Rb8 33. g5 hxg5 34. Bxg5 Ne8 35. Ne3 f6 36. Bh4 Bd8 37. Nc4 Be7 38. Bf2 Kf7 39. Rd1 Ke6 40. d4 cxd4 41. cxd4 Kf7 42. a5 R3b4 43. dxe5 dxe5 44. Bb6 g6 45. Rd7 Rc8 46. Nxe5+ Ke6 47. Rxc8 Kxe5 48. Rxe7+ 1-0


[Site "https://www.chess.com"]

[Event "Titled Tuesday Blitz March 14 Late 2023"]
[White "Weetik, Vjacheslav"]
[Black "Bochnicka, Vladimir"]
[WhiteFideId "4153472"]
[BlackFideId "14943450"]
[WhiteElo "2469"]
[BlackElo "2094"]
[Result "1/2-1/2"]
[Round "07"]
[TimeControl "180+2"]
[Date "2023.03.14"]
[WhiteClock "0:00:03"]
[BlackClock "0:00:08"]

1. a3 h6 2. e4 c5 3. Nf3 Nc6 4. d4 cxd4 5. Nxd4 e5 6. Nb5 d6 7. c4 Nf6 8. Bd3 Be7 9. O-O O-O 10. Nd2 Bg4 11. Be2 Be6 12. b3 Rc8 13. Bb2 Nd7 14. Bg4 Nc5 15. h3 a6 16. Nc3 Nd3 17. Rb1 Nxb2 18. Rxb2 Bg5 19. Nf3 Bxg4 20. hxg4 Be7 21. Nd5 Qd7 22. Nb6 Qxg4 23. Nxc8 Rxc8 24. Rd2 h5 25. Re1 g6 26. g3 Kg7 27. Kg2 Rh8 28. Nh4 Bxh4 29. Qxg4 hxg4 30. gxh4 Nd4 31. Rh1 f5 32. exf5 gxf5 33. Rd3 Kf6 34. b4 f4 35. c5 dxc5 36. bxc5 Rc8 37. Rc1 Kf5 38. Rc4 Ke4 39. Rd1 Kd5 40. Rcc1 f3+ 41. Kg3 Rg8 42. h5 Ke4 43. Re1+ Kf5 44. Kh4 Kf4 45. Rc4 g3 46. fxg3+ Rxg3 47. h6 Rg2 48. Kh5 f2 49. Rf1 Rh2+ 50. Kg6 Kg3 51. h7 Kg2 52. Rxf2+ Kxf2 53. Kg7 Ne6+ 54. Kg8 Ng5 55. h8=Q Rxh8+ 56. Kxh8 e4 57. c6 bxc6 58. Rxc6 e3 59. Rf6+ Kg1 60. Rg6 e2 61. Rxg5+ Kf1 62. Rf5+ Kg2 63. Re5 Kf1 64. Rf5+ Ke1 65. Rf6 Kd1 66. Rd6+ Kc2 67. Re6 Kd2 68. Rd6+ Kc1 69. Re6 Kd2 70. Rd6+ Kc2 71. Re6 Kd2 1/2-1/2


[Site "https://www.chess.com"]

[Event "Titled Tuesday Blitz March 14 Late 2023"]
[White "Klose, Eli"]
[Black "Meunier-Pion, Jean"]
[WhiteFideId "16242955"]
[BlackFideId "20685327"]
[WhiteElo "2612"]
[BlackElo "2124"]
[Result "1-0"]
[Round "07"]
[TimeControl "180+2"]
[Date "2023.03.14"]
[WhiteClock "0:00:14"]
[BlackClock "0:00:02"]

1. e4 e5 2. Nf3 Nc6 3. d4 exd4 4. Bc4 Nf6 5. O-O d5 6. exd5 Nxd5 7. Nxd4 Nxd4 8. Qxd4 Be6 9. Re1 c6 10. Bxd5 Qxd5 11. Qxd5 cxd5 12. Nc3 Be7 13. Be3 O-O 14. Bd4 Bb4 15. Re3 Rfd8 16. Ne2 Bf5 17. c3 Bd6 18. Re1 a5 19. f3 a4 20. g4 Bg6 21. Ng3 a3 22. b4 f6 23. Kf2 Re8 24. Rxe8+ Rxe8 25. Rxe8+ Bxe8 26. Nf5 Bxh2 27. Ne7+ Kf7 28. Nxd5 Ke6 29. Ne3 g6 30. Nc2 h5 31. gxh5 gxh5 32. Nxa3 h4 33. Nc4 Bg3+ 34. Kg2 Bb5 35. Ne3 Be2 36. a4 f5 37. a5 Bd3 38. Nd1 Kd5 39. Ne3+ Kc6 40. c4 f4 41. b5+ Kd7 42. Ng4 Bxc4 43. Ne5+ Ke6 44. Nxc4 Kd5 45. a6 bxa6 46. bxa6 Kc6 47. a7 Kb7 48. Nd6+ Ka8 49. Ne8 h3+ 50. Kxh3 Bf2 51. Nc7+ Kb7 52. a8=Q+ Kxc7 53. Bxf2 1-0


[Site "https://www.chess.com"]

[Event "Titled Tuesday Blitz March 14 Late 2023"]
[White "Fernandez, Maria Florencia"]
[Black "Fishbein, Alexander"]
[WhiteFideId "116459"]
[BlackFideId "2000377"]
[WhiteElo "2155"]
[BlackElo "2415"]
[Result "1-0"]
[Round "07"]
[TimeControl "180+2"]
[Date "2023.03.14"]
[WhiteClock "0:00:06"]
[BlackClock "0:00:13"]

1. d4 Nf6 2. c4 a6 3. Nc3 b5 4. cxb5 axb5 5. Nxb5 e5 6. e3 c6 7. Nc3 exd4 8. exd4 Bb4 9. Nf3 O-O 10. Be2 d5 11. O-O Ba6 12. Bg5 h6 13. Bh4 g5 14. Bg3 Bxc3 15. bxc3 Nbd7 16. Bxa6 Rxa6 17. Qd3 Qa8 18. h4 Ne4 19. hxg5 hxg5 20. Nxg5 Nxg5 21. Qf5 Ne6 22. Rae1 Qc8 23. Re3 Ng7 24. Qg5 f6 25. Qh6 Rf7 26. Bd6 Nf5 27. Qg6+ Ng7 28. Rh3 Nf8 29. Qh6 Rc7 30. Qh8+ Kf7 31. Bxc7 Qxc7 32. Re1 Ra8 33. Rg3 Qxg3 34. fxg3 Rxa2 35. Qh3 Ra7 36. Qc8 Re7 37. Rxe7+ Kxe7 38. Qxc6 Nf5 39. Qxd5 Nxg3 40. Qc5+ Kf7 41. Qc7+ Kg6 42. Qxg3+ Kf5 43. Qf3+ Ke6 44. d5+ Ke5 45. c4 Nd7 46. Qe3+ Kd6 47. Qe6+ Kc7 48. Qc6+ Kd8 49. d6 Ke8 50. Qc8+ Kf7 51. Qxd7+ 1-0


[Site "https://www.chess.com"]

[Event "Titled Tuesday Blitz March 14 Late 2023"]
[White "Gatterer, Florian"]
[Black "Melian, Juan Sebastian"]
[WhiteFideId "811688"]
[BlackFideId "3706575"]
[WhiteElo "2221"]
[BlackElo "2031"]
[Result "1-0"]
[Round "07"]
[TimeControl "180+2"]
[Date "2023.03.14"]
[WhiteClock "0:01:46"]
[BlackClock "0:01:43"]

1. Nf3 g6 2. e4 Bg7 3. d4 d6 4. c3 Nf6 5. Bd3 O-O 6. O-O Nc6 7. Re1 Nd7 8. a4 e5 9. Bg5 Qe8 10. dxe5 Ndxe5 11. Nxe5 Nxe5 12. Be2 Be6 13. Nd2 f5 14. exf5 Rxf5 15. Be3 Qc6 16. Bb5 Qd5 17. c4 Qd3 18. Ra3 1-0


[Site "https://www.chess.com"]

[Event "Titled Tuesday Blitz March 14 Late 2023"]
[White "Fule, Simon"]
[Black "Jaskolka, Tomasz"]
[WhiteFideId "787515"]
[BlackFideId "1170791"]
[WhiteElo "2391"]
[BlackElo "2155"]
[Result "0-1"]
[Round "07"]
[TimeControl "180+2"]
[Date "2023.03.14"]
[WhiteClock "0:00:03"]
[BlackClock "0:00:05"]

1. e4 c5 2. Nf3 e6 3. d4 cxd4 4. Nxd4 Nc6 5. Nc3 Qc7 6. Be3 a6 7. a3 b5 8. Nxc6 Qxc6 9. Be2 Bb7 10. O-O Qc7 11. Qd3 Bc5 12. Bd4 Nf6 13. Bf3 d6 14. Rad1 Bxd4 15. Qxd4 Rd8 16. a4 Bc6 17. axb5 axb5 18. Ra1 O-O 19. Ra7 Qb8 20. Rfa1 Nd7 21. b4 Rc8 22. Be2 Ne5 23. h3 Rfd8 24. f4 Nc4 25. g3 Be8 26. Nd1 d5 27. e5 Nb6 28. Ne3 Nc4 29. c3 Rc7 30. Nxc4 dxc4 31. Qe3 Bc6 32. Rxc7 Qxc7 33. Ra7 Qb8 34. Qc5 h6 35. Re7 Be4 36. Qa7 Qxa7+ 37. Rxa7 Rd2 38. Kf2 Bd3 39. Ra8+ Kh7 40. Rd8 Rxe2+ 41. Kf3 Rc2 42. Rb8 Rxc3 43. Rxb5 Rb3 44. Rb8 c3 45. Ke3 c2 46. Kd2 Bf5 47. h4 Rxg3 48. b5 Rg2+ 49. Kc1 Rg1+ 0-1


[Site "https://www.chess.com"]

[Event "Titled Tuesday Blitz March 14 Late 2023"]
[White "Melikhov, Evgeny V."]
[Black "TimGrutter03"]
[WhiteFideId "4122046"]
[WhiteElo "2158"]
[BlackElo "2506"]
[Result "0-1"]
[Round "07"]
[TimeControl "180+2"]
[Date "2023.03.14"]
[WhiteClock "0:00:16"]
[BlackClock "0:00:56"]

1. d4 g6 2. c4 Bg7 3. Nc3 d6 4. e4 Nc6 5. d5 Nd4 6. Be3 c5 7. Nge2 Nxe2 8. Bxe2 Nf6 9. f3 a6 10. Qd2 h5 11. h3 Rb8 12. f4 b5 13. e5 b4 14. exf6 bxc3 15. bxc3 Bxf6 16. O-O Bf5 17. Bd3 Bxd3 18. Qxd3 Qa5 19. Bd2 O-O 20. f5 g5 21. Qf3 Rb2 22. Rf2 h4 23. Qg4 Rxd2 24. Rxd2 Qxc3 25. Rad1 Rb8 26. Rd3 Qc2 27. R3d2 Qc3 28. Rd3 Qe5 29. Rb3 Rxb3 30. axb3 Qe3+ 31. Kh1 Qxb3 32. Qe4 Qxd1+ 0-1


[Site "https://www.chess.com"]

[Event "Titled Tuesday Blitz March 14 Late 2023"]
[White "Becham, Khalid"]
[Black "Jovic, Stanoje"]
[WhiteFideId "9000275"]
[BlackFideId "905020"]
[WhiteElo "2081"]
[BlackElo "2236"]
[Result "0-1"]
[Round "07"]
[TimeControl "180+2"]
[Date "2023.03.14"]
[WhiteClock "0:00:36"]
[BlackClock "0:00:20"]

1. d4 Nf6 2. Bg5 c5 3. d5 Qb6 4. Nc3 Qxb2 5. Bd2 Qb6 6. e4 e5 7. f4 d6 8. fxe5 dxe5 9. Nf3 Bg4 10. Bc4 a6 11. O-O Bd6 12. Rb1 Qc7 13. a4 O-O 14. Qe1 Nbd7 15. Qh4 Bh5 16. Rb3 Bg6 17. Rfb1 b6 18. Bg5 Nh5 19. g4 Nf4 20. Bxf4 exf4 21. Ne2 Bxe4 22. Ng5 Bg6 23. Rh3 h6 24. Ne6 Qa7 25. Nxf8 Rxf8 26. g5 h5 27. Nxf4 b5 28. Nxh5 f5 29. gxf6 Nxf6 30. Nxf6+ Rxf6 31. Qh8+ Kf7 32. Re3 Qd7 33. Bd3 c4 34. Bxg6+ Rxg6+ 35. Kh1 Bf4 36. Rf1 Qxd5+ 37. Ref3 bxa4 38. Qb8 Rf6 39. Qa7+ Kg8 40. Qf2 Bh6 41. Qg2 Rxf3 42. Qxf3 Qxf3+ 43. Rxf3 Bc1 44. Rf1 Bb2 45. Kg2 a3 46. Kf3 a2 47. Ke4 a1=Q 48. Rxa1 Bxa1 49. Kd5 c3 50. Kc6 Kf7 51. Kb6 Kg6 52. Kxa6 Kh5 53. Kb5 Kh4 54. Kc4 Kh3 55. Kd4 Kxh2 56. Ke4 Kg2 57. Kf5 Kf2 58. Kg6 Ke2 59. Kxg7 Kd2 60. Kf6 Kxc2 61. Ke5 Kd2 62. Kd4 c2+ 63. Kc4 c1=Q+ 64. Kd5 Qc3 65. Ke6 Qd4 0-1


[Site "https://www.chess.com"]

[Event "Titled Tuesday Blitz March 14 Late 2023"]
[White "Rios Escobar, Adan"]
[Black "Hajiyev, Kanan"]
[WhiteFideId "3403645"]
[BlackFideId "13404148"]
[WhiteElo "2376"]
[BlackElo "2103"]
[Result "0-1"]
[Round "07"]
[TimeControl "180+2"]
[Date "2023.03.14"]
[WhiteClock "0:00:06"]
[BlackClock "0:00:08"]

1. d4 d5 2. g3 c5 3. Nf3 cxd4 4. Bg2 Qa5+ 5. Nbd2 Nc6 6. b4 Qxb4 7. Rb1 Qa5 8. O-O e5 9. Nb3 Qc7 10. e3 dxe3 11. Bxe3 Nf6 12. Re1 Bb4 13. Bc5 Bxc5 14. Nxc5 O-O 15. h3 b6 16. Nb3 Bf5 17. Nh4 Be4 18. f3 Bg6 19. Nxg6 hxg6 20. f4 e4 21. Re2 Nb4 22. a3 Na2 23. Rd2 Nc3 24. Qc1 Nxb1 25. Qxb1 Rac8 26. Nd4 Qc3 27. Qc1 Qxg3 28. Ne2 Qe3+ 29. Kh2 Nh5 30. Qd1 Nxf4 31. Nxf4 Qxf4+ 32. Kh1 Rfd8 33. Rd4 Rc3 34. Rxe4 Rxh3+ 35. Kg1 Qh2+ 36. Kf1 Qh1+ 37. Bxh1 Rxh1+ 38. Ke2 Rxd1 39. Re7 Rc1 40. Kd2 Ra1 41. Rxa7 b5 42. Kd3 b4 43. a4 d4 44. a5 Rd5 45. Kc4 Rdxa5 46. Rb7 Rc1 47. Kxb4 Ra2 48. Rb8+ Kh7 49. Rd8 Raxc2 50. Rxd4 Rb1+ 51. Ka3 Rc7 52. Rh4+ Kg8 53. Ra4 Rcb7 54. Ka2 R7b2+ 55. Ka3 Ra1+ 56. Kxb2 Rxa4 57. Kb3 Rf4 58. Kc3 g5 59. Kd3 Kh7 0-1


[Site "https://www.chess.com"]

[Event "Titled Tuesday Blitz March 14 Late 2023"]
[White "DeyanKostov"]
[Black "Popov, Mikhail"]
[BlackFideId "4146182"]
[WhiteElo "2340"]
[BlackElo "2270"]
[Result "0-1"]
[Round "07"]
[TimeControl "180+2"]
[Date "2023.03.14"]
[WhiteClock "0:00:13"]
[BlackClock "0:00:03"]

1. d4 Nf6 2. c4 g6 3. Nc3 Bg7 4. e4 d6 5. Nf3 O-O 6. h3 e5 7. d5 a5 8. g4 Nfd7 9. Rg1 Nc5 10. Be3 c6 11. Be2 cxd5 12. cxd5 Nba6 13. Nd2 Kh8 14. a3 f5 15. gxf5 gxf5 16. Qc2 f4 17. Bxc5 Nxc5 18. O-O-O Bd7 19. Nf3 b5 20. Bxb5 Bxb5 21. Nxb5 a4 22. Nc3 Bf6 23. Kb1 Rf7 24. Rg4 Rb7 25. Ka2 Rab8 26. Rb1 Qa5 27. Nd2 Nb3 28. Nc4 Qa6 29. Nd2 Nc5 30. Rgg1 Bd8 31. Qd1 Ba5 32. Qg4 Qd3 33. Qg5 Rxb2+ 34. Rxb2 Rxb2+ 35. Ka1 Rb1+ 36. Ncxb1 Bc3+ 37. Ka2 Qc2# 0-1


[Site "https://www.chess.com"]